[Event "ICC Open 2015"]
[Site "Internet Chess Club"]
[Date "2015.05.29"]
[Round "3"]
[White "Palenque"]
[Black "Reinerg"]
[Result "1-0"]
[ICCResult "Black resigns"]
[WhiteElo "1656"]
[BlackElo "1337"]
[Opening "Danish gambit"]
[ECO "C21"]
[NIC "KP.04"]
[Time "14:25:45"]
[TimeControl "180+0"]

1. e4 e5 2. d4 exd4 3. c3 dxc3 4. Bc4 cxb2 5. Bxb2 Bb4+ 6. Nd2 Nf6 7. Nf3
O-O 8. O-O Bxd2 9. Nxd2 Re8 10. Re1 Nc6 11. e5 d5 12. Bb5 Nd7 13. e6 Rxe6
14. Rxe6 fxe6 15. Qg4 Qf6 16. Bxf6 {Black resigns} 1-0

[Event "ICC Open 2015"]
[Site "Internet Chess Club"]
[Date "2015.05.29"]
[Round "3"]
[White "Tut"]
[Black "TasteOflover"]
[Result "1/2-1/2"]
[ICCResult "Game drawn by mutual agreement"]
[WhiteElo "3223"]
[BlackElo "2758"]
[Opening "Neo-Grünfeld, 6.O-O, main line"]
[ECO "D79"]
[NIC "SL.01"]
[Time "14:25:42"]
[TimeControl "180+0"]

1. d4 d5 2. c4 c6 3. Nf3 Nf6 4. g3 g6 5. Bg2 Bg7 6. O-O O-O 7. cxd5 cxd5 8.
Nc3 Ne4 9. Ne5 Nxc3 10. bxc3 Nc6 11. Nxc6 bxc6 12. Qa4 Bd7 13. Ba3 c5 14.
Qb3 cxd4 15. cxd4 Be6 16. e3 Qd7 17. Qb4 Bf6 18. Rab1 Rfc8 19. Rfc1 Bf5 20.
Rxc8+ Rxc8 21. Rc1 Rxc1+ 22. Bxc1 Kg7 {Game drawn by mutual agreement}
1/2-1/2

[Event "ICC Open 2015"]
[Site "Internet Chess Club"]
[Date "2015.05.29"]
[Round "3"]
[White "Blondicheck"]
[Black "TheLoneKing1"]
[Result "0-1"]
[ICCResult "White resigns"]
[WhiteElo "1517"]
[BlackElo "1981"]
[Opening "French defense"]
[ECO "C00"]
[NIC "FR.01"]
[Time "14:26:37"]
[TimeControl "180+0"]

1. e4 e6 2. Nf3 d5 3. exd5 exd5 4. c4 Nf6 5. cxd5 Nxd5 6. Nc3 Nxc3 7. bxc3
Bd6 8. a4 O-O 9. Ba3 Re8+ 10. Be2 Bxa3 11. Rxa3 Qe7 12. Ra2 Be6 13. Rb2 Bd5
14. h3 Nd7 15. d4 Bc4 16. Qd2 Bxe2 17. Qxe2 Qa3 18. Ne5 Qxc3+ 19. Rd2 Nxe5
20. dxe5 Rxe5 21. Qxe5 Qxe5+ 22. Re2 Qa1+ 23. Kd2 Qxh1 {White resigns} 0-1

[Event "ICC Open 2015"]
[Site "Internet Chess Club"]
[Date "2015.05.29"]
[Round "3"]
[White "Grann"]
[Black "Giantvin"]
[Result "0-1"]
[ICCResult "White resigns"]
[WhiteElo "1627"]
[BlackElo "1953"]
[Opening "Ruy Lopez: Cozio defense"]
[ECO "C60"]
[NIC "RL.04"]
[Time "14:25:23"]
[TimeControl "180+0"]

1. e4 e5 2. Nf3 Nc6 3. Bb5 Nge7 4. c3 g6 5. d4 exd4 6. cxd4 d5 7. e5 Bg7 8.
Bg5 O-O 9. Qd2 Bg4 10. Qf4 Bxf3 11. gxf3 Qd7 12. Nc3 Qf5 13. Qxf5 Nxf5 14.
Bxc6 bxc6 15. O-O-O f6 {White resigns} 0-1

[Event "ICC Open 2015"]
[Site "Internet Chess Club"]
[Date "2015.05.29"]
[Round "3"]
[White "ForkNPin"]
[Black "Galaad"]
[Result "0-1"]
[ICCResult "White resigns"]
[WhiteElo "1586"]
[BlackElo "2049"]
[Opening "Ruy Lopez: Schliemann defense"]
[ECO "C63"]
[NIC "RL.06"]
[Time "14:26:30"]
[TimeControl "180+0"]

1. e4 e5 2. Nf3 Nc6 3. Bb5 f5 4. exf5 e4 5. Qe2 Nf6 6. Bxc6 dxc6 7. Ne5 Bxf5
8. d4 Bd6 9. Nc4 O-O 10. Nc3 Nd5 11. Be3 Bb4 12. O-O Bxc3 13. bxc3 Nxc3 14.
Qd2 Nd5 15. Ne5 Qe8 16. c4 Nf6 17. f3 Rd8 18. fxe4 Nxe4 19. Qe2 Be6 20. Rad1
Nc3 21. Qh5 {White resigns} 0-1

[Event "ICC Open 2015"]
[Site "Internet Chess Club"]
[Date "2015.05.29"]
[Round "3"]
[White "kava"]
[Black "Mercury"]
[Result "1-0"]
[ICCResult "Black resigns"]
[WhiteElo "2906"]
[BlackElo "2459"]
[Opening "King's Indian: 6.Be2"]
[ECO "E91"]
[NIC "KI.19"]
[Time "14:25:28"]
[TimeControl "180+0"]

1. c4 Nf6 2. Nf3 g6 3. Nc3 Bg7 4. e4 O-O 5. d4 d6 6. Be2 c5 7. O-O Re8 8. d5
e6 9. dxe6 Bxe6 10. Bf4 Nc6 11. Bxd6 Qb6 12. Na4 Qa5 13. Nxc5 b6 14. Nxe6
Rxe6 15. e5 Ne8 16. Ng5 Rxe5 17. Bxe5 Bxe5 18. Qd5 Rc8 19. Qxf7+ {Black
resigns} 1-0

[Event "ICC Open 2015"]
[Site "Internet Chess Club"]
[Date "2015.05.29"]
[Round "3"]
[White "CapilanoBridge"]
[Black "supermouse"]
[Result "1-0"]
[ICCResult "Black resigns"]
[WhiteElo "3208"]
[BlackElo "2685"]
[Opening "Nimzovich-Larsen attack"]
[ECO "A01"]
[NIC "VO.08"]
[Time "14:25:42"]
[TimeControl "180+0"]

1. b3 d6 2. Bb2 Nd7 3. e3 Ngf6 4. d4 g6 5. Nf3 Bg7 6. c4 O-O 7. Nc3 c5 8.
dxc5 Nxc5 9. Nd2 Bf5 10. Be2 Nd3+ 11. Bxd3 Bxd3 12. Nf3 Bf5 13. O-O Qa5 14.
Qe2 Rfc8 15. h3 a6 16. Rfd1 Rab8 17. Nd4 Bd7 18. a4 Bc6 19. Rac1 Nd7 20. Ba3
Qd8 21. b4 Nf6 22. c5 Ne8 23. b5 Bd7 24. Ne4 d5 25. c6 bxc6 26. bxc6 Bxh3
27. gxh3 dxe4 28. c7 Rxc7 29. Nc6 Qc8 30. Nxe7+ {Black resigns} 1-0

[Event "ICC Open 2015"]
[Site "Internet Chess Club"]
[Date "2015.05.29"]
[Round "3"]
[White "geemurfi"]
[Black "OptimusMagister"]
[Result "0-1"]
[ICCResult "White resigns"]
[WhiteElo "1804"]
[BlackElo "2246"]
[Opening "French: Wing gambit"]
[ECO "C00"]
[NIC "FR.01"]
[Time "14:25:29"]
[TimeControl "180+0"]

1. e4 e6 2. Nf3 d5 3. e5 c5 4. b4 c4 5. c3 a5 6. b5 Nd7 7. d3 cxd3 8. Bxd3
Nc5 9. Bc2 Ne7 10. O-O Ng6 11. Re1 Be7 12. a4 O-O 13. Nbd2 b6 14. Nf1 f6 15.
h4 Nxe5 16. Nxe5 fxe5 17. Rxe5 Bf6 18. Re3 d4 19. Rf3 Bb7 20. Rg3 Ne4 21.
Qh5 Qe8 22. Qxe8 Raxe8 23. Rg4 d3 24. Bxd3 Nxf2 25. Rg3 Bxh4 {White resigns}
0-1

[Event "ICC Open 2015"]
[Site "Internet Chess Club"]
[Date "2015.05.29"]
[Round "3"]
[White "xionoula"]
[Black "paulohaddad"]
[Result "1-0"]
[ICCResult "Black checkmated"]
[WhiteElo "2201"]
[BlackElo "1777"]
[Opening "Queen's pawn, Mason variation"]
[ECO "D00"]
[NIC "QP.08"]
[Time "14:25:33"]
[TimeControl "180+0"]

1. d4 d5 2. Bf4 Nf6 3. e3 e6 4. Nf3 Bd6 5. Bg3 Ne4 6. Nbd2 f5 7. Bd3 O-O 8.
c3 Nd7 9. Bxd6 Nxd6 10. Ne5 Nxe5 11. dxe5 Ne4 12. O-O c5 13. f3 Nxd2 14.
Qxd2 c4 15. Bc2 Qc7 16. Qd4 Bd7 17. e4 fxe4 18. fxe4 Rxf1+ 19. Rxf1 Bc6 20.
exd5 Bxd5 21. Qh4 h6 22. Qh5 Qe7 23. Qg6 Rf8 24. Qh7# {Black checkmated} 1-0

[Event "ICC Open 2015"]
[Site "Internet Chess Club"]
[Date "2015.05.29"]
[Round "3"]
[White "yaguaro"]
[Black "MBAStudent"]
[Result "1-0"]
[ICCResult "Black resigns"]
[WhiteElo "2135"]
[BlackElo "1742"]
[Opening "Benko's opening"]
[ECO "A00"]
[NIC "VO.09"]
[Time "14:25:21"]
[TimeControl "180+0"]

1. g3 Nf6 2. Bg2 d5 3. d3 c6 4. Nd2 Bf5 5. e4 dxe4 6. dxe4 Bg4 7. Ne2 e6 8.
h3 Bh5 9. O-O Be7 10. g4 Bg6 11. Nf4 O-O 12. Nxg6 hxg6 13. Qe2 g5 14. Rd1
Qb6 15. Nc4 Qc5 16. Be3 Qb5 17. a4 Qa6 18. Bxg5 g6 19. b3 Nbd7 20. Rxd7 Nxd7
21. Bxe7 Rfe8 22. Bg5 Ne5 23. Bf6 Nxc4 24. bxc4 c5 25. e5 Kh7 26. Qe4 Rh8
27. Bxh8 Rxh8 28. Qxb7 Qxc4 29. Qxf7+ Kh6 30. Qf6 Rb8 31. Rd1 Qxc2 32. Qh4+
Kg7 33. Rd7+ Kf8 34. Qf6+ {Black resigns} 1-0

[Event "ICC Open 2015"]
[Site "Internet Chess Club"]
[Date "2015.05.29"]
[Round "3"]
[White "magnuswizard"]
[Black "vpeichev"]
[Result "1-0"]
[ICCResult "Black resigns"]
[WhiteElo "2053"]
[BlackElo "1636"]
[Opening "King's Indian: fianchetto, Uhlmann (Szabo) variation"]
[ECO "E62"]
[NIC "KI.72"]
[Time "14:25:16"]
[TimeControl "180+0"]

1. Nf3 Nf6 2. d4 d6 3. c4 g6 4. Nc3 Bg7 5. g3 O-O 6. Bg2 Nc6 7. O-O e5 8. d5
Ne7 9. e4 Ne8 10. Ne1 f5 11. f3 f4 12. g4 g5 13. h3 Nf6 14. Nd3 h5 15. Bd2
hxg4 16. hxg4 Kf7 17. Be1 Rh8 18. Bf2 Ng6 19. c5 Nh4 20. Qb3 Qg8 21. Nb5 Ne8
22. cxd6 cxd6 23. Rac1 Qh7 24. Bxh4 Qxh4 25. Rfd1 a6 26. Nc7 Nxc7 27. Rxc7+
Kg6 28. Qb6 Qh2+ 29. Kf1 Bf6 30. Qxd6 Bxg4 31. Nxe5+ Kh6 32. Nxg4+ Kg6 33.
Qxf6+ Kh5 34. Nxh2 {Black resigns} 1-0

[Event "ICC Open 2015"]
[Site "Internet Chess Club"]
[Date "2015.05.29"]
[Round "3"]
[White "Tomorrowlan"]
[Black "kobayashi"]
[Result "1-0"]
[ICCResult "Black resigns"]
[WhiteElo "2925"]
[BlackElo "1958"]
[Opening "Réti: King's Indian attack (Barcza system)"]
[ECO "A07"]
[NIC "QP.09"]
[Time "14:26:05"]
[TimeControl "180+0"]

1. Nf3 d5 2. g3 Nc6 3. Bg2 e5 4. d3 Nf6 5. O-O h6 6. e4 Be7 7. exd5 Nxd5 8.
Re1 Bg4 9. h3 Bxf3 10. Qxf3 Ndb4 11. Qd1 O-O 12. a3 Nd5 13. c4 Nb6 14. Bxc6
bxc6 15. Nc3 Bf6 16. Ne4 g5 17. Qh5 Bg7 18. Bxg5 hxg5 19. Nxg5 Re8 20. Qxf7+
Kh8 21. Qg6 Kg8 22. Re3 Qf6 23. Qh7+ Kf8 24. Rf3 {Black resigns} 1-0

[Event "ICC Open 2015"]
[Site "Internet Chess Club"]
[Date "2015.05.29"]
[Round "3"]
[White "PajoPatak"]
[Black "Ohanessian"]
[Result "0-1"]
[ICCResult "White checkmated"]
[WhiteElo "1424"]
[BlackElo "2009"]
[Opening "French: advance variation"]
[ECO "C02"]
[NIC "FR.03"]
[Time "14:25:20"]
[TimeControl "180+0"]

1. e4 e6 2. d4 d5 3. e5 c5 4. c3 Qb6 5. Nf3 Nc6 6. a3 Nh6 7. b4 cxd4 8. cxd4
Nf5 9. Be3 Nxe3 10. fxe3 g6 11. Nbd2 Bh6 12. Qe2 O-O 13. Qf2 f6 14. exf6
Rxf6 15. g4 e5 16. b5 exd4 17. exd4 Bxd2+ 18. Kxd2 Bxg4 19. Be2 Bxf3 20.
Bxf3 Nxd4 21. Bxd5+ Kg7 22. Qe3 Nf5 23. Qxb6 Rxb6 24. Bg2 Rxb5 25. Rab1 Rd8+
26. Ke2 Re5+ 27. Kf2 Rd2+ 28. Kg1 Ree2 29. Rxb7+ Kh6 30. Bc6 Rd1#
{White checkmated}
0-1

[Event "ICC Open 2015"]
[Site "Internet Chess Club"]
[Date "2015.05.29"]
[Round "3"]
[White "Parsifal"]
[Black "Supermister"]
[Result "1-0"]
[ICCResult "Black resigns"]
[WhiteElo "2400"]
[BlackElo "2011"]
[Opening "Queen's pawn: Chigorin variation"]
[ECO "D00"]
[NIC "QP.08"]
[Time "14:26:45"]
[TimeControl "180+0"]

1. d4 d5 2. Nc3 e6 3. Bf4 Nf6 4. e3 Bd6 5. Nf3 O-O 6. Bd3 Bxf4 7. exf4 Nbd7
8. Qd2 c5 9. dxc5 Nxc5 10. O-O-O Nxd3+ 11. Qxd3 a6 12. Rhe1 b5 13. Ne5 b4
14. Ne2 a5 15. Nd4 Ba6 16. Qe3 Qc7 17. f3 Rab8 18. Kb1 Rfc8 19. Rc1 a4 20.
g4 Nd7 21. Nxf7 Kxf7 22. Qxe6+ Kf8 23. Qe7+ Kg8 24. Ne6 {Black resigns} 1-0

[Event "ICC Open 2015"]
[Site "Internet Chess Club"]
[Date "2015.05.29"]
[Round "3"]
[White "beaupre"]
[Black "DroolingBaby"]
[Result "0-1"]
[ICCResult "White resigns"]
[WhiteElo "1783"]
[BlackElo "2196"]
[Opening "KP: Nimzovich defense"]
[ECO "B00"]
[NIC "VO.04"]
[Time "14:26:13"]
[TimeControl "180+0"]

1. e4 Nc6 2. d4 e5 3. d5 Nce7 4. Nf3 Ng6 5. Nc3 Bc5 6. Be2 a5 7. O-O d6 8.
Na4 Ba7 9. Bb5+ Bd7 10. Bxd7+ Qxd7 11. Be3 Bxe3 12. fxe3 Qxa4 13. Ng5 Nf6
14. b3 Qc6 15. c4 Qd7 16. Rf5 O-O 17. Qf3 Nh4 18. Qh3 Nxf5 19. exf5 h6 20.
Nf3 a4 21. Re1 axb3 22. axb3 Ra2 23. Nh4 Rb2 24. e4 Ra8 25. Qg3 Raa2 26. h3
Nh5 27. Qf3 Nf4 28. Qg4 Qe7 29. Rf1 Qxh4 30. Qxh4 Rxg2+ {White resigns} 0-1

[Event "ICC Open 2015"]
[Site "Internet Chess Club"]
[Date "2015.05.29"]
[Round "3"]
[White "Fanta"]
[Black "Kakarotto"]
[Result "0-1"]
[ICCResult "White resigns"]
[WhiteElo "1946"]
[BlackElo "2598"]
[Opening "French: exchange variation"]
[ECO "C01"]
[NIC "FR.01"]
[Time "14:26:56"]
[TimeControl "180+0"]

1. e4 e6 2. d4 d5 3. exd5 exd5 4. Bd3 c5 5. c3 c4 6. Bc2 Nf6 7. Bf4 Be7 8.
h3 O-O 9. Ne2 Nc6 10. O-O b5 11. b4 a5 12. Na3 Ba6 13. bxa5 Bxa3 14. Bg5 h6
15. Bh4 Be7 16. f4 Ne4 17. Be1 f5 18. g4 Bh4 19. Bxe4 fxe4 20. Bg3 b4 21.
cxb4 Nxb4 22. Nc3 Nd3 23. Kh2 Bxg3+ 24. Kxg3 Nxf4 25. Rxf4 Qd6 26. Qf1 g5
{White resigns}
0-1

[Event "ICC Open 2015"]
[Site "Internet Chess Club"]
[Date "2015.05.29"]
[Round "3"]
[White "capaldi"]
[Black "capatal1"]
[Result "1-0"]
[ICCResult "Black resigns"]
[WhiteElo "1865"]
[BlackElo "1477"]
[Opening "Sicilian: closed"]
[ECO "B23"]
[NIC "SI.44"]
[Time "14:26:49"]
[TimeControl "180+0"]

1. e4 c5 2. Nc3 d6 3. Bb5+ Bd7 4. Bxd7+ Qxd7 5. f4 Nc6 6. Nf3 e6 7. O-O g6
8. d3 Bg7 9. Qe1 Nge7 10. Bd2 a6 11. a4 b6 12. Kh1 O-O 13. Qh4 h6 14. f5
exf5 15. Bxh6 fxe4 16. Ng5 f5 17. dxe4 fxe4 18. Bxg7 {Black resigns} 1-0

[Event "ICC Open 2015"]
[Site "Internet Chess Club"]
[Date "2015.05.29"]
[Round "3"]
[White "holderlin"]
[Black "RJoseph12"]
[Result "1-0"]
[ICCResult "Black checkmated"]
[WhiteElo "1622"]
[BlackElo "1246"]
[Opening "Van't Kruijs opening"]
[ECO "A00"]
[Time "14:25:27"]
[TimeControl "180+0"]

1. e3 d5 2. d3 e5 3. Ne2 Nc6 4. Nd2 Nf6 5. a3 Be6 6. h3 Bd6 7. g3 O-O 8. Bg2
Qe7 9. b3 Rad8 10. Bb2 Rfe8 11. Kf1 Bc5 12. d4 exd4 13. exd4 Bb6 14. b4 a6
15. Nf3 Bf5 16. Nf4 h6 17. Kg1 Ba7 18. Kh2 Nh7 19. Re1 Qf6 20. Ne5 Nxe5 21.
dxe5 Qe7 22. Qh5 Bxf2 23. Qxf5 Bxe1 24. Rxe1 Ng5 25. e6 Nxe6 26. Nxd5 Qd7
27. Qg4 Ng5 28. Qd4 c6 29. Qxg7# {Black checkmated} 1-0

[Event "ICC Open 2015"]
[Site "Internet Chess Club"]
[Date "2015.05.29"]
[Round "3"]
[White "Pigs"]
[Black "MrsPiggy"]
[Result "1-0"]
[ICCResult "Black resigns"]
[WhiteElo "1928"]
[BlackElo "1412"]
[Opening "Philidor's defense"]
[ECO "C41"]
[NIC "KP.10"]
[Time "14:25:42"]
[TimeControl "180+0"]

1. e4 e5 2. Nf3 d6 3. Bc4 Bg4 4. Nc3 c6 5. h3 Bh5 6. g4 Bg6 7. d3 Nd7 8. h4
h6 9. h5 Bh7 10. g5 Be7 11. Bxf7+ Kxf7 12. g6+ Bxg6 13. hxg6+ Ke8 14. d4 Bf6
15. dxe5 Nxe5 16. Nxe5 Bxe5 17. f4 Bf6 18. Be3 Ne7 19. Qd3 Qd7 20. O-O-O Rd8
21. Rhg1 Rf8 22. f5 d5 23. Bc5 Bxc3 24. Qxc3 Qc7 25. Qxg7 Qf4+ 26. Kb1 Qxe4
27. Rge1 {Black resigns} 1-0

[Event "ICC Open 2015"]
[Site "Internet Chess Club"]
[Date "2015.05.29"]
[Round "3"]
[White "Steingrim89"]
[Black "HPG1947"]
[Result "1-0"]
[ICCResult "Black forfeits on time"]
[WhiteElo "1630"]
[BlackElo "1788"]
[Opening "Queen's Pawn"]
[ECO "A41"]
[NIC "QO.17"]
[Time "14:25:20"]
[TimeControl "180+0"]

1. d4 d6 2. Nf3 f5 3. Bf4 Nf6 4. e3 e6 5. Bc4 Be7 6. c3 c6 7. h3 a5 8. Nbd2
a4 9. O-O O-O 10. b3 b5 11. Be2 a3 12. c4 b4 13. Rc1 c5 14. Re1 Bb7 15. dxc5
dxc5 16. Nf1 Nbd7 17. Ng5 e5 18. Ne6 Qb8 19. Nxf8 Nxf8 20. Bh2 Ng6 21. Bf3
Ne4 22. Bxe4 Bxe4 23. Ng3 {Black forfeits on time} 1-0

[Event "ICC Open 2015"]
[Site "Internet Chess Club"]
[Date "2015.05.29"]
[Round "3"]
[White "Sherlocked"]
[Black "noyb"]
[Result "0-1"]
[ICCResult "White resigns"]
[WhiteElo "1973"]
[BlackElo "1509"]
[Opening "Catalan: closed, 5.Nf3"]
[ECO "E06"]
[NIC "CA.05"]
[Time "14:26:00"]
[TimeControl "180+0"]

1. d4 d5 2. c4 e6 3. Nf3 Nf6 4. g3 Be7 5. Bg2 O-O 6. O-O dxc4 7. Ne5 Nc6 8.
Bxc6 bxc6 9. Nxc6 Qe8 10. Nxe7+ Qxe7 11. Qa4 c5 12. Qxc4 cxd4 13. Qxd4 e5
14. Qh4 h6 15. Nc3 Rb8 16. b3 Rd8 17. Be3 Ba6 18. Rfd1 Rdc8 19. Rac1 Rc7 20.
Ne4 Nxe4 21. Qxe4 Rbc8 22. Rxc7 Rxc7 23. Bc1 Bb7 24. Qd3 Rc8 25. Bb2 Qc5 26.
Rc1 Qxc1+ 27. Bxc1 Rxc1+ {White resigns} 0-1

[Event "ICC Open 2015"]
[Site "Internet Chess Club"]
[Date "2015.05.29"]
[Round "3"]
[White "Berke"]
[Black "BORIS-51"]
[Result "0-1"]
[ICCResult "White resigns"]
[WhiteElo "1439"]
[BlackElo "2021"]
[Opening "Scandinavian (center counter) defense"]
[ECO "B01"]
[NIC "VO.17"]
[Time "14:25:20"]
[TimeControl "180+0"]

1. e4 d5 2. exd5 Qxd5 3. d4 Nc6 4. Nf3 Bg4 5. Be3 Bxf3 6. gxf3 O-O-O 7. Nc3
Qh5 8. Be2 Nxd4 9. Bxd4 e5 10. f4 Qh6 11. fxe5 c5 12. Bg4+ Kb8 13. Qf3 cxd4
14. Ne4 Bb4+ 15. c3 dxc3 16. bxc3 Ba5 17. O-O Ne7 18. Nd6 Rxd6 19. exd6 Qxd6
20. Rab1 Nc6 21. Rfd1 Qc5 22. Qxf7 Bb6 23. Rd5 Qxc3 24. Re1 Qxe1+ 25. Kg2
Ne5 26. Rd7 Nxf7 {White resigns} 0-1

[Event "ICC Open 2015"]
[Site "Internet Chess Club"]
[Date "2015.05.29"]
[Round "3"]
[White "BlitzorDDD"]
[Black "BlueGreen"]
[Result "1-0"]
[ICCResult "Black resigns"]
[WhiteElo "3227"]
[BlackElo "2714"]
[Opening "English: Nimzo-English opening"]
[ECO "A05"]
[NIC "EO.58"]
[Time "14:26:00"]
[TimeControl "180+0"]

1. Nf3 Nf6 2. c4 e6 3. Nc3 Bb4 4. Qc2 b6 5. a3 Bxc3 6. Qxc3 Bb7 7. g3 O-O 8.
Bg2 d5 9. O-O c5 10. d4 dxc4 11. dxc5 Nbd7 12. cxb6 Nxb6 13. Bg5 Ne4 14.
Bxd8 Nxc3 15. Bxb6 Nxe2+ 16. Kh1 axb6 17. Rae1 c3 18. Rxe2 cxb2 19. Rxb2
Rxa3 20. Ne5 Bxg2+ 21. Kxg2 Ra5 22. Nc4 Rc5 23. Nxb6 Rd8 24. Na4 Rcc8 25.
Rfb1 h5 26. h4 Rc4 27. Rb8 Rxb8 28. Rxb8+ Kh7 29. Nb2 Rd4 30. Rb3 g6 31. Nd3
Kg7 32. Kf3 Rd5 33. Ke3 Ra5 34. Rb7 Ra1 35. Ne5 Ra3+ 36. Ke2 Ra5 37. Nxf7
Kf6 38. Ng5 {Black resigns} 1-0

[Event "ICC Open 2015"]
[Site "Internet Chess Club"]
[Date "2015.05.29"]
[Round "3"]
[White "Unlikely"]
[Black "Shadeath"]
[Result "0-1"]
[ICCResult "White resigns"]
[WhiteElo "2056"]
[BlackElo "3010"]
[Opening "Alekhine's defense: modern variation"]
[ECO "B04"]
[NIC "AL.05"]
[Time "14:25:51"]
[TimeControl "180+0"]

1. e4 Nf6 2. e5 Nd5 3. d4 d6 4. Nf3 c6 5. Be2 dxe5 6. Nxe5 Bf5 7. c4 Nb4 8.
O-O Nc2 9. g4 Be4 10. f3 Qxd4+ 11. Qxd4 Nxd4 12. fxe4 Nxe2+ 13. Kf2 Nxc1 14.
Rxc1 f6 15. Nf3 e5 16. Nc3 Bc5+ 17. Ke2 Nd7 18. a3 a5 19. Na4 Ba7 20. c5 Ke7
21. Rc2 Rhd8 22. Rac1 Nf8 23. Nh4 g6 24. b4 axb4 25. axb4 Rd4 26. Rc4 Rad8
27. Nf3 Rxc4 28. Rxc4 Ne6 29. Nb2 Bb8 30. h3 Nf4+ 31. Ke3 Nxh3 32. Nd3 Nf4
33. Nxf4 exf4+ 34. Ke2 Be5 35. g5 Ke6 36. Rc1 f5 37. Rh1 fxe4 38. Nxe5 Kxe5
39. Rxh7 f3+ 40. Ke3 Rd3+ 41. Kf2 Rd2+ 42. Ke1 Re2+ 43. Kf1 Rb2 44. Rxb7 Kf4
45. Rf7+ Kg3 46. Ke1 e3 {White resigns} 0-1

[Event "ICC Open 2015"]
[Site "Internet Chess Club"]
[Date "2015.05.29"]
[Round "3"]
[White "jonesey"]
[Black "Baltimora"]
[Result "0-1"]
[ICCResult "White resigns"]
[WhiteElo "1886"]
[BlackElo "2351"]
[Opening "French: advance, Euwe variation"]
[ECO "C02"]
[NIC "FR.03"]
[Time "14:26:32"]
[TimeControl "180+0"]

1. e4 e6 2. d4 d5 3. e5 c5 4. c3 Nc6 5. Nf3 Bd7 6. Bd3 f6 7. Nh4 g6 8. Nxg6
hxg6 9. Bxg6+ Ke7 10. exf6+ Nxf6 11. Bg5 Bg7 12. Nd2 Be8 13. Bd3 cxd4 14.
Nf3 dxc3 15. bxc3 Bh5 16. O-O Qd6 17. h3 Raf8 18. Rb1 b6 19. Be2 Bxf3 20.
Bxf3 Ne5 21. Be2 Kf7 22. c4 Kg8 23. cxd5 Nxd5 24. Bc4 Nxc4 25. Qb3 Na5 26.
Qb5 Bf6 27. Bd2 Nc6 28. Rbc1 Rc8 29. Rc4 Rh7 30. Rg4+ Rg7 31. Qa4 Rc7 32.
Rd1 Rxg4 33. Qxg4+ Rg7 34. Qe4 Qe5 35. Qa4 Nd4 36. Qe8+ Kh7 37. Be3 Nxe3 38.
fxe3 Qxe3+ 39. Kh1 Nf5 40. Qh5+ Qh6 41. Qf3 Qg6 42. g4 Nh4 43. Qf2 Qe4+ 44.
Kh2 Be5+ 45. Kg1 Nf3+ 46. Kf1 Rf7 {White resigns} 0-1

[Event "ICC Open 2015"]
[Site "Internet Chess Club"]
[Date "2015.05.29"]
[Round "3"]
[White "bythebook"]
[Black "Rembrand"]
[Result "0-1"]
[ICCResult "White forfeits on time"]
[WhiteElo "1731"]
[BlackElo "2112"]
[Opening "Ruy Lopez: classical (Cordel) defense"]
[ECO "C64"]
[NIC "RL.01"]
[Time "14:25:51"]
[TimeControl "180+0"]

1. e4 e5 2. Nf3 Nc6 3. Bb5 Bc5 4. O-O Nd4 5. Nxd4 Bxd4 6. d3 c6 7. Bc4 Nf6
8. Bg5 h6 9. Bh4 d6 10. Kh1 Bxb2 11. Nd2 Bxa1 12. Qxa1 Be6 13. Bxe6 fxe6 14.
f4 exf4 15. Rxf4 O-O 16. Rf3 e5 17. Qf1 Qe7 18. Nc4 Qe6 19. Ne3 Ng4 20. Nf5
Rf7 21. h3 Nf6 22. Rg3 Kh7 23. Qe2 g6 24. Ne3 Nh5 25. Rf3 Raf8 26. Ng4 Rxf3
27. gxf3 Nf4 {White forfeits on time} 0-1

[Event "ICC Open 2015"]
[Site "Internet Chess Club"]
[Date "2015.05.29"]
[Round "3"]
[White "fireland"]
[Black "garompon"]
[Result "1-0"]
[ICCResult "Black resigns"]
[WhiteElo "3026"]
[BlackElo "2568"]
[Opening "Dutch defense"]
[ECO "A90"]
[NIC "HD.03"]
[Time "14:25:40"]
[TimeControl "180+0"]

1. d4 e6 2. c4 f5 3. g3 Nf6 4. Bg2 d5 5. Nc3 c6 6. Nh3 Bd6 7. Bf4 O-O 8. O-O
b6 9. Qb3 Bb7 10. Rac1 h6 11. Be5 Bxe5 12. dxe5 Nfd7 13. cxd5 cxd5 14. Nxd5
Na6 15. Nf6+ gxf6 16. Qxe6+ Kh8 17. Bxb7 Nac5 18. Qxf5 Nxb7 19. Rfd1 Nbc5
20. e6 Qe7 21. exd7 Qh7 22. Qxh7+ Kxh7 23. Nf4 Rad8 24. Rxc5 bxc5 25. Ne6
Rg8 26. Rd5 c4 27. Rd4 Kg6 28. Rg4+ {Black resigns} 1-0

[Event "ICC Open 2015"]
[Site "Internet Chess Club"]
[Date "2015.05.29"]
[Round "3"]
[White "paraguayo"]
[Black "ShadowLike"]
[Result "0-1"]
[ICCResult "White resigns"]
[WhiteElo "1797"]
[BlackElo "2227"]
[Opening "Ruy Lopez: Schliemann defense"]
[ECO "C63"]
[NIC "RL.06"]
[Time "14:25:42"]
[TimeControl "180+0"]

1. e4 e5 2. Nf3 Nc6 3. Bb5 f5 4. d3 fxe4 5. dxe4 Nf6 6. Nc3 Bb4 7. Bg5 Bxc3+
8. bxc3 d6 9. h3 O-O 10. O-O Kh8 11. Bd3 Qe8 12. Nh2 Qg6 13. Bxf6 gxf6 14.
Kh1 Rg8 15. Rg1 Qh6 16. f3 Be6 17. Qe2 Ne7 18. a4 Ng6 19. Ng4 Bxg4 20. fxg4
Nf4 21. Qf1 Rxg4 22. Kh2 Rag8 23. Qf3 Rxg2+ 24. Rxg2 Rxg2+ 25. Kh1 Qh4 26.
Rg1 Rxg1+ 27. Kxg1 Qxh3 28. Qxh3 Nxh3+ 29. Kg2 Nf4+ 30. Kf3 Nxd3 31. cxd3
Kg7 32. Kg4 Kg6 33. a5 a6 34. d4 b6 35. axb6 cxb6 36. dxe5 fxe5 {White
resigns} 0-1

[Event "ICC Open 2015"]
[Site "Internet Chess Club"]
[Date "2015.05.29"]
[Round "3"]
[White "ikica"]
[Black "cheston99"]
[Result "1-0"]
[ICCResult "Black resigns"]
[WhiteElo "2844"]
[BlackElo "2264"]
[Opening "Nimzo-Indian: classical variation"]
[ECO "E32"]
[NIC "NI.20"]
[Time "14:25:28"]
[TimeControl "180+0"]

1. d4 Nf6 2. c4 e6 3. Nc3 Bb4 4. Qc2 O-O 5. a3 Bxc3+ 6. Qxc3 b6 7. Nf3 Bb7
8. e3 d5 9. b3 Ne4 10. Qc2 Nd7 11. Be2 Ndf6 12. O-O Rc8 13. a4 c5 14. a5
cxd4 15. exd4 dxc4 16. bxc4 Nd6 17. Ne5 Nf5 18. Bb2 Nxd4 19. Qd3 Nxe2+ 20.
Qxe2 Qc7 21. axb6 axb6 22. Qe3 Qc5 23. Bd4 Qd6 24. Bb2 Qc5 25. Qg3 Ne4 26.
Qf4 Rcd8 27. Ba3 Qd4 28. Bxf8 Rxf8 29. Rad1 Qb2 30. Rd7 Bc6 31. Rxf7 Nf6 32.
Rxf8+ Kxf8 33. Nxc6 {Black resigns} 1-0

[Event "ICC Open 2015"]
[Site "Internet Chess Club"]
[Date "2015.05.29"]
[Round "3"]
[White "karodash"]
[Black "Torek9M"]
[Result "1-0"]
[ICCResult "Black checkmated"]
[WhiteElo "1574"]
[BlackElo "1172"]
[Opening "Philidor: exchange variation"]
[ECO "C41"]
[NIC "KP.08"]
[Time "14:26:53"]
[TimeControl "180+0"]

1. e4 e5 2. Nf3 d6 3. d4 exd4 4. Nxd4 Nd7 5. Bc4 h6 6. O-O Ne5 7. Bb3 c6 8.
f4 c5 9. Nb5 c4 10. Ba4 Ng4 11. Nc7+ Ke7 12. Nxa8 Be6 13. e5 Qxa8 14. Qxd6#
{Black checkmated}
1-0